 Dungeon Crawl Stone Soup version 0.27-a0-1140-g099f9bb0e8 (webtiles) character file.

Game seed: 16710081702442428490

382 CurlyBrace the Chiller (level 6, -1/28 HPs)
             Began as a Felid Ice Elementalist on May 10, 2021.
             Slain by a jelly (2 damage)
             ... on level 7 of the Dungeon.
             The game lasted 00:17:02 (1050 turns).

CurlyBrace the Chiller (Felid Ice Elementalist)     Turns: 1050, Time: 00:17:02

Health: -1/28      AC:  2    Str:  5    XL:     6   Next: 47%
Magic:  11/12      EV: 19    Int: 17    God:
Gold:   147        SH:  0    Dex: 19    Spells: 4/11 levels left
                                        Lives:  0   Deaths: 1

rFire    x . .     SeeInvis +     - Unarmed
rCold    + . .     Faith    .   (shield unavailable)
rNeg     . . .     Spirit   .   (armour unavailable)
rPois    .         Reflect  .   (helmet unavailable)
rElec    .         Harm     .   (cloak unavailable)
rCorr    .         Rampage  .   (gloves unavailable)
Will     .....                  (boots unavailable)
Stlth    ++++......             (no amulet)
HPRegen  0.09/turn              a - ring of ice
MPRegen  0.13/turn              (no ring)

@: quick
A: very small, claws 1, fangs 3, see invisible, speed 1, shaggy fur 2, stealthy
paws, no weapons or thrown items, no armour, multi-lived, horns 1, thin skeletal
structure 1
a: no special abilities


You were on level 7 of the Dungeon.
You visited 1 branch of the dungeon, and saw 9 of its levels.

You collected 237 gold pieces.
You spent 90 gold pieces at shops.

Inventory:

Jewellery
 a - a ring of ice (left paw)
   (You found it on level 4 of the Dungeon)
Wands
 c - a wand of paralysis (5)
   (You found it on level 7 of the Dungeon)
Scrolls
 b - 2 scrolls of fog
 r - a scroll of identify
 t - a scroll of teleportation


   Skills:
 - Level 4.0 Fighting
 - Level 4.0 Dodging
 - Level 4.0 Stealth
 - Level 4.0 Unarmed Combat
 + Level 3.4 Spellcasting
 - Level 4.0 Ice Magic


You had 4 spell levels left.
You knew the following spells:

 Your Spells              Type           Power      Damage    Failure   Level
a - Freeze                Ice            96%        1d11      3%          1
b - Frozen Ramparts       Ice            48%        1d6       10%         3
c - Ozocubu's Armour      Ice            24%        N/A       10%         3

Your spell library contained the following spells:

 Spells                   Type           Power      Damage    Failure   Level
 Ensorcelled Hibernation  Hex/Ice        28%        N/A       11%         2
 Corona                   Hex            2%         N/A       17%         1
 Magic Dart               Conj           8%         1d3       17%         1
 Searing Ray              Conj           4%         3d3       26%         2
 Confusing Touch          Hex            2%         N/A       45%         3
 Dazzling Flash           Conj/Hex       4%         N/A       45%         3
 Tukima's Dance           Hex            2%         N/A       45%         3
 Hailstorm                Conj/Ice       14%        3d5       58%         4
 Fulminant Prism          Conj/Hex       1%         3d6       86%         4
 Iskenderun's Mystic Bla  Conj/Tloc      2%         2d3       86%         4
 Metabolic Englaciation   Hex/Ice        7%         N/A       90%         5


Dungeon Overview and Level Annotations

Branches:
Dungeon (9/15)
 Temple: D:4-7         Lair: D:8-11         Orc: D:9-12

Altars:
Nemelex Xobeh

Shops:
D:1 =   D:7 ?

Annotations:
D:6 3 runed translucent doors


Innate Abilities, Weirdness & Mutations

You have sharp claws.
You have razor-sharp teeth.
You have supernaturally acute eyesight. (SInv)
You cover ground quickly. (Speed+)
You are covered in thick fur. (AC +2)
Your paws help you pounce on unaware monsters.
You are incapable of wielding weapons or throwing items.
You cannot wear armour.
You gain extra lives every three experience levels.
You have a pair of small horns on your head.
You have a somewhat thin skeletal structure. (Dex +2, Stealth+)


Message History

The bullfrog zombie closely misses you.
Okay, then.
Aiming: Paralyse
Press: ? - help, Shift-Dir - straight line, f - bullfrog
Aim: a bullfrog (chance to affect: 46%)
The bullfrog resists with some effort.
The bullfrog zombie closely misses you. The bullfrog misses you.
The bullfrog zombie hits you.
Unknown command.
Aiming: Paralyse
Press: ? - help, Shift-Dir - straight line, f/p - bullfrog
Aim: a bullfrog (chance to affect: 46%)
The bullfrog suddenly stops moving!
Unknown command.
Okay, then.
Aiming: Paralyse
Press: ? - help, Shift-Dir - straight line, f - jelly, p - bullfrog
Aim: a jelly (chance to affect: 54%)
The jelly resists with significant effort.
The orc priest shouts!
Unknown command.
You pounce on the unaware helpless bullfrog!
You mangle the bullfrog!!
You kill the bullfrog!
The jelly closely misses you. The bullfrog zombie hits you.
* * * LOW HITPOINT WARNING * * *
Training target 4.0 for Unarmed Combat reached!
Your Unarmed Combat skill increases to level 4!
Aiming: Paralyse
Press: ? - help, Shift-Dir - straight line, f/p - jelly
Aim: a jelly (chance to affect: 54%)
The jelly resists with significant effort.
The bullfrog zombie misses you. The jelly barely misses you.
The orc hits you with a +0 flail.
* * * LOW HITPOINT WARNING * * *
Aiming: Paralyse
Press: ? - help, Shift-Dir - straight line, f/p - jelly
Aim: a jelly (chance to affect: 54%)
The jelly resists with significant effort.
The bullfrog zombie closely misses you. The jelly hits you.
You die...

##......###.#
##..####..###
##.......##
Y.........#
..........#
.........########
...#...Y...#(#..##
#.F#####.....Y.o.#
#.#. ##...o.YJ@#
.##.# #..o..oZ## #
............##
.....#......#
...#.##.....# .. #
#...### . #####


You could see 2 yaks, a jelly, an orc priest, 3 orcs and a bullfrog zombie.

Vanquished Creatures
  A sky beast (D:5)
  An ogre (D:6)
  2 kobold brigands (D:8)
  2 bullfrogs
  An orc priest (D:8)
  An orc wizard (D:8)
  3 adders
  An ufetubus (D:5)
  An adder skeleton (D:4)
  3 dart slugs
  6 orcs
  A ball python (D:2)
  4 endoplasms
  A giant cockroach (D:3)
  A goblin (D:3)
  A hobgoblin (D:1)
  7 jackals
  2 quokkas
  2 bats
  8 kobolds
  A rat (D:3)
50 creatures vanquished.

Vanquished Creatures (others)
  3 fungi (D:5)
  2 toadstools (D:5)
5 creatures vanquished.

Grand Total: 55 creatures vanquished

Notes
Turn   | Place    | Note
-------+----------+-------------------------------------------
     0 | D:1      | CurlyBrace the Felid Ice Elementalist began the quest for
                  | the Orb.
     0 | D:1      | Reached XP level 1. HP: 7/7 MP: 4/4
     8 | D:1      | Found a faded altar of an unknown god.
    41 | D:1      | Found Zilaelos's Jewellery Emporium.
    97 | D:2      | Reached XP level 2. HP: 9/12 MP: 4/6
   104 | D:2      | Reached skill level 1 in Fighting
   104 | D:2      | Reached skill level 1 in Unarmed Combat
   153 | D:2      | Reached XP level 3. HP: 7/15 MP: 0/7
   258 | D:3      | Learned a level 3 spell: Frozen Ramparts
   361 | D:4      | Found a sparkling altar of Nemelex Xobeh.
   456 | D:5      | Entered Level 5 of the Dungeon
   494 | D:5      | Reached XP level 4. HP: 13/19 MP: 8/8
   512 | D:5      | Noticed a necrophage
   518 | D:5      | Noticed a sky beast
   519 | D:5      | Noticed a scorpion
   562 | D:5      | Killed a sky beast
   563 | D:5      | Reached XP level 5. HP: 21/24 MP: 2/9
   614 | D:6      | Noticed a phantom
   624 | D:6      | Noticed an ogre
   641 | D:6      | Killed an ogre
   645 | D:6      | Found a runed translucent gate.
   645 | D:6      | Found a runed translucent gate.
   645 | D:6      | Found a runed translucent gate.
   700 | D:8      | Learned a level 3 spell: Ozocubu's Armour
   722 | D:8      | Gained mutation: You are covered in thick fur. (AC +2)
                  | [Felid growth]
   722 | D:8      | Reached XP level 6. HP: 20/28 MP: 2/10
   844 | D:9      | Found the +9 staff of Olgreb {rPois∞}
   887 | D:8      | HP: 1/28 [centaur (1)]
   889 | D:8      | Slain by a centaur
   890 | D:8      | Reached XP level 5. HP: -1/24 MP: 0/10
   914 | D:8      | Reached XP level 6. HP: 6/28 MP: 3/11
   930 | D:8      | Gained mutation: You have a somewhat thin skeletal
                  | structure. (Dex +2, Stealth+) [potion of mutation]
   930 | D:8      | Gained mutation: You have a pair of small horns on your
                  | head. [potion of mutation]
   952 | D:7      | Noticed a sky beast
   967 | D:7      | Found Caistrag's Magic Scroll Shop.
   976 | D:7      | Bought a scroll of teleportation for 30 gold pieces
   976 | D:7      | Bought a scroll of identify for 20 gold pieces
   976 | D:7      | Bought a scroll of fog for 20 gold pieces
   976 | D:7      | Bought a scroll of fog for 20 gold pieces
  1019 | D:7      | Noticed a yak
  1020 | D:7      | Noticed a yak
  1020 | D:7      | Noticed a yak
  1021 | D:7      | Noticed a yak
  1021 | D:7      | Noticed a yak
  1049 | D:7      | HP: 1/28 [orc/+0 flail (4)]
  1050 | D:7      | Slain by a jelly

Illustrated notes

Levels and vault maps discovered:
D:1:      ncdulo_wetmaze, layout_basic, shapermc_ecumenical_altar_venn,
          serial_shops, nicolae_shop_crystal,
          amcnicky_mini_rare_corridor_liquid, minmay_misc_feat_square
D:2:      layout_basic
D:3:      layout_loops_corners, minmay_rat_hole, uniq_jessica
D:4:      layout_gridville, lemuel_tele_altar, uniq_pikel
D:5:      layout_cave_pools, gammafunk_ghost_grave, nicolae_alphabet_shops,
          minmay_gold_behind_fungi
D:6:      layout_basic, minmay_temple_entry_statues_fountains,
          gammafunk_ghost_nasty_kobolds
D:7:      layout_cave_pools, serial_shops, shop, chequers_serial_rivers_micro_b
D:8:      layout_gridville, enter_bailey_8, columned_hall_lemuel,
          kennysheep_generic_room_14
D:9:      layout_loops_cross, serial_shops, kennysheep_little_box,
          minmay_guarded_unrand_staff_of_olgreb

Skill      XL: |  1  2  3  4  5  6 |
---------------+-------------------+-----
Fighting       | 1 2 3 4 |  4.0
Dodging        | 3 4 |  4.0
Stealth        | 3 4 |  4.0
Unarmed Combat | 1 2 3 4 |  4.0
Ice Magic      | 4 |  4.0
Spellcasting   | 3 |  3.4

Action                   |  1- 3 |  4- 6 || total
-------------------------+-------+-------++-------
Melee: Unarmed           |    24 |    31 ||    55
       Bite              |     1 |     1 ||     2
       Punch             |     1 |       ||     1
       Headbutt          |       |     1 ||     1
 Cast: Freeze            |    26 |    13 ||    39
       Frozen Ramparts   |       |     8 ||     8
       Ozocubu's Armour  |       |     1 ||     1
Evoke: Wand              |       |     5 ||     5
  Use: Potion            |     3 |     4 ||     7
 Stab: Sleeping          |     9 |     1 ||    10
       Paralysed         |       |     1 ||     1
Armor: Skin              |     4 |     7 ||    11
Dodge: Dodged            |    23 |    59 ||    82

Table legend: (Time is in decaauts)
 A = Elapsed time spent in this place.
 B = Non-inter-level travel time spent in this place.
 C = Inter-level travel time spent in this place.
 D = Time resting spent in this place.
 E = Time spent auto-exploring this place.
 F = Levels seen in this place.
 G = Mean time per level.
                   A        B        C        D        E       F      G
               +--------+--------+--------+--------+--------+-----+--------+
         Total |    888 |    888 |      0 |      0 |      0 |   9 |   98.7 |
       Dungeon |    888 |    888 |      0 |      0 |      0 |   9 |   98.7 |
               +--------+--------+--------+--------+--------+-----+--------+

Top non-repeatable levels by time:
     D:8: 197 daAuts
     D:3: 129 daAuts
     D:5: 117 daAuts
     D:4: 111 daAuts
     D:7: 109 daAuts
     D:2: 86 daAuts
     D:1: 66 daAuts
     D:6: 37 daAuts
     D:9: 32 daAuts
